 Dungeon Crawl Stone Soup version 0.31-a0-66-ge618eeaa78 (webtiles) character file.

Game seed: 436990752352381193

2 mopl the Magician (level 1, -2/11 HPs)
             Began as an Octopode Hedge Wizard on May 22, 2023.
             Slain by a jackal (3 damage)
             ... on level 1 of the Dungeon.
             The game lasted 00:00:28 (393 turns).

mopl the Magician (Octopode Hedge Wizard)            Turns: 393, Time: 00:00:29

Health: -2/11      AC:  1    Str:  9    XL:     1   Next: 40%
Magic:  4/4        EV: 13    Int: 16    God:
Gold:   11         SH:  0    Dex: 11    Spells: 5/6 levels left

rFire   . . .        a - +0 dagger
rCold   . . .        (no shield)
rNeg    . . .        b - +0 hat
rPois   .            (no amulet)
rElec   .            (no ring)
rCorr   .            (no ring)
SInv    .            (no ring)
Will    .....        (no ring)
Stlth   +++          (no ring)
HPRegen 0.21/turn    (no ring)
MPRegen 0.09/turn    (no ring)
                     (no ring)

%: no passive effects
@: no status effects
A: almost no armour, amphibious, 8 rings, camouflage 1, gelatinous body 1,
(nimble swimmer 1), tentacles
a: no special abilities


You were on level 1 of the Dungeon.
You visited 1 branch of the dungeon, and saw 1 of its levels.

You collected 11 gold pieces.

Inventory:

Hand Weapons
 a - a +0 dagger (weapon)
Armour
 b - a +0 hat (worn)
Scrolls
 d - a scroll of butterflies {unknown}
 e - a scroll of noise {unknown}
 f - a scroll of amnesia {unknown}
Potions
 c - a potion of magic


   Skills:
 - Level 2.0 Dodging
 - Level 2.6 Stealth
 + Level 3.0 Spellcasting
 + Level 1.1 Conjurations
 - Level 1.0 Summonings
 + Level 1.1 Translocations


You had 5 spell levels left.
You knew the following spells:

 Your Spells              Type           Power      Damage    Failure   Level
a - Magic Dart            Conj           24%        1d4       12%         1

Your spell library contained the following spells:

 Spells                   Type           Power      Damage    Failure   Level
 Slow                     Hex            8%         N/A       19%         1
 Blink                    Tloc           12%        N/A       19%         2
 Call Imp                 Summ           10%        N/A       19%         2
 Sting                    Tmut/Pois      4%         1d3       22%         1
 Poisonous Vapours        Pois/Air       2%         N/A       32%         2
 Cigotuvi's Dreadful Rot  Necr/Pois/Air  0%         N/A       34%         2
 Mephitic Cloud           Conj/Pois/Air  2%         N/A       52%         3
 Olgreb's Toxic Radiance  Pois           2%         N/A       88%         4


Dungeon Overview and Level Annotations

Branches:
Dungeon (1/15)

Altars:


Innate Abilities, Weirdness & Mutations

You cannot wear most types of armour.
You are amphibious.
You can wear up to eight rings at the same time.
Your skin changes colour to match your surroundings (Stealth+).
Your rubbery body absorbs attacks. (AC +1, EV +1)
((You are camouflaged when in or above water. (Stealth+)))
You have tentacles for arms and can constrict up to eight enemies at once.


Message History

A ball python is nearby!
The helpless ball python fails to defend itself.
You puncture the ball python!
You kill the ball python!
No target in view!
You now have 11 gold pieces.
A jackal comes into view.
A jackal is nearby!
You see here 12 gold pieces. 2 jackals come into view.
A jackal comes into view.
A goblin comes into view. It is wielding a +0 club.
The jackal barks! x3
The jackal completely misses you. The jackal misses you.
The jackal closely misses you.
You miss the jackal. You grab the jackal. Your squeeze misses the jackal.
You constrict the jackal, but do no damage.
The jackal bites you. The jackal barely misses you. The jackal bites you.
The jackal misses you.
You hit the jackal but do no damage. You constrict the jackal.
The jackal barely misses you. The jackal closely misses you. x3
The jackal bites you. The jackal closely misses you. x2
The jackal barely misses you.
You hit the jackal but do no damage.
The jackal is lightly wounded.
You constrict the jackal.
The goblin shouts!
The jackal bites you.
The jackal barely misses you. x2; The jackal misses you.
You barely miss the jackal. You grab the jackal.
You constrict the jackal, but do no damage.
You constrict the jackal. The jackal misses you. The jackal bites you.
The jackal bites you but does no damage.
The jackal closely misses you.
You hit the jackal.
The jackal is almost dead.
You constrict the jackal, but do no damage. x2
The jackal misses you. The jackal bites you.
* * * LOW HITPOINT WARNING * * *
The jackal closely misses you. x2; The jackal bites you.
You die...

# .# ####### ######.
#..... ..... #.#######
#...# #g#.....# #..†#
#####.#hh...# #...# #...
#@h..# #...#
##.#####h...#
###...###..##.......#
............#.##....#
####.####...$..#.......
#...........#..#.....#..
#############..#.....# .
.......................
##############...#..###


You could see 4 jackals and a goblin.

Vanquished Creatures
  A ball python (D:1)
  An endoplasm (D:1)
2 creatures vanquished.

Notes
Turn   | Place    | Note
-------+----------+-------------------------------------------
     0 | D:1      | mopl the Octopode Hedge Wizard began the quest for the Orb.
     0 | D:1      | Reached XP level 1. HP: 11/11 MP: 4/4
   393 | D:1      | Slain by a jackal

Illustrated notes

Levels and vault maps discovered:
D:1:      tarquinn_simple_flora_water_d, layout_loops_cross,
          serial_co_window_serial, co_window_corner_a, co_window_paths_b,
          co_window_paths_b, co_window_of_opportunity_a, co_window_paths_b,
          co_window_paths_b, co_window_2corner, co_window_cross_2,
          co_window_corner_b, co_window_paths_c, co_window_2corner,
          co_window_broadway_c, co_window_unsneaky_path_b, co_window_paths_e,
          co_window_paths_d, glass_columns_a, glass_columns_a, glass_columns_a,
          glass_columns_a, glass_columns_a, minmay_misc_feat_encased,
          nrook_mini_backslash

Action                     || total
---------------------------++-------
  Melee: Dagger            ||    12
         Constrict         ||     2
         Tentacles         ||     1
   Stab: Sleeping          ||     1
 Armour: Skin              ||     1
  Dodge: Dodged            ||    21

Table legend: (Time is in decaauts)
 A = Elapsed time spent in this place.
 B = Non-inter-level travel time spent in this place.
 C = Inter-level travel time spent in this place.
 D = Time resting spent in this place.
 E = Time spent auto-exploring this place.
 F = Levels seen in this place.
 G = Mean time per level.
                   A        B        C        D        E       F      G
               +--------+--------+--------+--------+--------+-----+--------+
         Total |    393 |    393 |      0 |     30 |    331 |   1 |  393.0 |
       Dungeon |    393 |    393 |      0 |     30 |    331 |   1 |  393.0 |
               +--------+--------+--------+--------+--------+-----+--------+

Top non-repeatable levels by time:
     D:1: 393 daAuts
